 Dungeon Crawl Stone Soup version 0.30-a0-172-gc5509c9e31 (webtiles) character file.

Game seed: 18286189798348545905

129710 qw the Severer (level 17, -1/108 HPs)
             Began as a Gargoyle Fighter on Oct 1, 2022.
             Was a High Priest of Okawaru.
             Slain by an orc knight
             ... wielding a +0 war axe
              (6 damage)
             ... on level 2 of the Orcish Mines.
             The game lasted 00:10:37 (23215 turns).

qw the Severer (Gargoyle Fighter)                  Turns: 23215, Time: 00:10:38

Health: -1/108     AC: 48    Str: 33    XL:     17   Next: 6%
Magic:  24/24      EV: 17    Int: 16    God:    Okawaru [*****.]
Gold:   2090       SH: 21    Dex: 19    Spells: 16/16 levels left

rFire   . . .      SeeInvis .    l - +7 war axe of the Fox {elec, Will+ Str+2 Int+3}
rCold   . . .      Faith    .    D - +0 tower shield
rNeg    + . .      Spirit   .    g - +5 plate armour of Soft Rains {Dex+4}
rPois   inf        Reflect  .    b - +2 helmet
rElec   +          Harm     .    s - +0 cloak
rCorr   .          Rampage  .    j - +2 pair of gloves of Ineigot {rPois}
Will    ++...                    A - +1 pair of boots
Stlth   ..........               (no amulet)
HPRegen 0.38/turn                p - ring of Vehumet's Vengeance {Str+4 Int+3 Dex+6}
MPRegen 0.19/turn                v - +4 ring of evasion

@: about to teleport, heroic, flying
A: sickness immunity, AC +12, big wings, negative energy resistance 1,
electricity resistance, torment resistance 1, petrification resistance, hooves
1, sense surroundings 1
a: Renounce Religion, Heroism, Finesse, Duel


You were on level 2 of the Orcish Mines.
You worshipped Okawaru.
Okawaru was extremely pleased with you.
You visited 4 branches of the dungeon, and saw 23 of its levels.
You also visited: Sewer and Gauntlet.

You collected 2222 gold pieces.
You spent 132 gold pieces at shops.


Innate Abilities, Weirdness & Mutations

You are immune to sickness and miasma.
Your stone body is resilient. (AC +12)
You are immune to poison.
Your large and strong wings let you fly.
You resist negative energy. (rN+)
You are resistant to electric shocks. (rElec)
You are resistant to unholy torment.
You are immune to petrification.
You have large cloven feet.
You passively map a small area around you.


   Skills:
 - Level 13.0(18.0) Fighting
 - Level 16.0(21.0) Axes
 - Level 6.1(11.1) Throwing
 - Level 13.0(18.0) Armour
 - Level 6.0(11.0) Dodging
 + Level 12.0(17.0) Shields
 - Level 10.0 Invocations


You had 16 spell levels left.
You didn't know any spells.
Your spell library was empty.

Inventory:

Hand Weapons
 l - the +7 war axe of the Fox (weapon) {elec, Will+ Str+2 Int+3}
   (Okawaru gifted it to you on level 2 of the Lair of Beasts)

   It occasionally discharges a powerful burst of electricity upon striking a
   foe.
   Str:       It affects your strength (+2).
   Int:       It affects your intelligence (+3).
   Will:      It increases your willpower.
 x - the +10 flail of Prescription {holy, rN+ Str-3 Int+2 Stlth+}
   (You took it off a minotaur in a Gauntlet)

   It has been blessed by the Shining One to cause great damage to the undead
   and demons.
   Str:       It affects your strength (-3).
   Int:       It affects your intelligence (+2).
   rN:        It protects you from negative energy.
   Stlth:     It makes you more stealthy.
 B - a +1 flail of protection
Missiles
 c - 3 silver boomerangs
 h - 16 boomerangs
 z - 3 javelins (quivered)
Armour
 b - a +2 helmet (worn)
 g - the +5 plate armour of Soft Rains (worn) {Dex+4}
   (You acquired it on level 8 of the Dungeon)

   Dex:       It affects your dexterity (+4).
 j - the +2 pair of gloves of Ineigot (worn) {rPois}
   (Okawaru gifted it to you on level 3 of the Lair of Beasts)

   rPois:     It protects you from poison.
 s - a +0 cloak (worn)
 u - the +1 acid dragon scales of Okawaru, Supporting {-Cast +Blink rF+ rCorr}
   (Okawaru gifted it to you on level 12 of the Dungeon)

   rF:        It protects you from fire.
   +Blink:    It lets you blink.
   -Cast:     It prevents spellcasting.
   rCorr:     It protects you from acid and corrosion.
 A - a +1 pair of boots (worn)
 D - a +0 tower shield (worn)
 E - the +0 pearl dragon scales "Cupudun" {rN+ Regen+ Int+4 Dex-2}
   (Okawaru gifted it to you on level 2 of the Orcish Mines)

   Int:       It affects your intelligence (+4).
   Dex:       It affects your dexterity (-2).
   rN:        It protects you from negative energy.
   Regen:     It increases your rate of health regeneration.
 F - a +2 plate armour of cold resistance
Jewellery
 o - a ring of ice
 p - the ring of Vehumet's Vengeance (left hand) {Str+4 Int+3 Dex+6}
   (You found it in a Gauntlet)

   [ring of dexterity]

   Str:       It affects your strength (+4).
   Int:       It affects your intelligence (+3).
   Dex:       It affects your dexterity (+6).
 t - a ring of protection from cold
 v - a +4 ring of evasion (right hand)
Scrolls
 k - 2 scrolls of teleportation
 q - 12 scrolls of identify
 w - a scroll of enchant weapon
 y - a scroll of brand weapon
Potions
 a - 2 potions of lignification
 d - 5 potions of might
 e - 15 potions of curing
 f - 9 potions of heal wounds
 i - 6 potions of mutation
 m - 3 potions of haste
 n - 2 potions of resistance
 r - 3 potions of magic
 C - 2 potions of attraction

Dungeon Overview and Level Annotations

Branches:
Dungeon (15/15)            Temple (1/1) D:4            Lair (5/5) D:8
 Shoals (0/4) Lair:3        Snake (0/4) Lair:2        Slime (0/5) Lair:5
    Orc (2/2) D:9             Elf (0/3) Orc:2        Vaults (0/5) D:14
 Depths (0/4) D:15          Sewer (visited)         Gauntlet (visited)

Altars:
Ashenzari
Cheibriados
Dithmenos
Elyvilon
Fedhas
Gozag
Hepliaklqana
Kikubaaqudgha
Makhleb
Nemelex Xobeh
Okawaru
Qazlal
Ru
Sif Muna
Trog
Uskayaw
Vehumet
Wu Jian
Xom
Yredelemnul
Zin
The Shining One

Shops:
D:4 !   D:9 *

Portals:
Trove: D:14 (give +7 demon whip)

Annotations:
D:9 2 transporters, 3 runed translucent doors, qw's ghost, novice GrFi
D:10 2 transporters


Message History

The orc knight is lightly wounded.
You hit the orc knight.
The orc knight is lightly wounded.
The orc knight hits you with a +0 war axe!!
An orc high priest comes into view. It is wielding a +0 trident.
The orc warrior unwields a +0 glaive.
The orc warrior wields a +0 arbalest.
The orc warrior shoots a bolt.
You block the bolt.
An orc comes into view. It is wielding a +0 flail.
An orc warrior comes into view. It is wielding a +0 hand axe.
The orc warrior hits you from afar with a +2 glaive of flaming!!
The orc warrior burns you.
An orc knight comes into view. It is wielding a +0 battleaxe.
The orc shouts!
You slice the orc knight!!
The orc knight is heavily wounded.
You block the orc knight's attack.
The orc knight roars a battlecry!
The orc goes into a battle-frenzy!
The orc warrior hits you but does no damage.
The orc warrior shoots a bolt.
The bolt hits you.
You barely miss the orc knight.
The orc knight is moderately wounded.
The orc high priest prays to Beogh.
The orc knight roars a battlecry! x2
The orc knight goes into a battle-frenzy!
The orc warrior hits you from afar with a +2 glaive of flaming!
The orc warrior burns you.
You hear a shout! x2
You slash the orc knight!
The orc knight is heavily wounded.
You hit the orc priest. You slice the orc warrior!!
You block the orc knight's attack.
The orc warrior hits you from afar with a +2 glaive of flaming!!
The orc warrior burns you.
The orc warrior unwields a +0 arbalest.
The orc warrior wields a +0 glaive.
You block the orc warrior's attack.
23215 ||| READING 3 scrolls of teleportation.
As you read the scroll of teleportation, it crumbles to dust.
You feel strangely unstable. You block the orc warrior's attack.
The orc knight hits you with a +0 war axe.
You die...

###### ###.....### ## ,
###.........### *##...
,,, * #.............##
..... ,
...............###......
.#.#.#.#.#.#.#.#.#o#.#.#
.................o......
,
..)............#o#ooo.4.
.........)....).@ooooo..
,
.#)#.#.#.#.#.#.#o#o#o#.#
...............### .. ,
#.............## * ...,
###.........### * ...
###.....### *#. ,
#######


You could see 3 orc knights, an orc high priest (strong), a red devil
(summoned), 7 orc warriors, 2 orc priests and an orc (strong).

Vanquished Creatures
  Kirke (D:11)
  Snorg (Lair:5)
  A minotaur (Gauntlet)
  An ettin (D:15)
  A rakshasa (D:15)
  Erolcha (D:11)
  Harold (D:11)
  4 hydras
  4 catoblepae
  2 ogre magi
  4 boulder beetles
  2 dancing weapons (D:14)
  5 centaur warriors
  9 two-headed ogres
  8 death yaks
  2 tengu warriors (D:14)
  3 orc high priests (Orc:2)
  Lodul (D:11)
  4 skeletal warriors (D:13)
  A deep troll (D:15)
  A necromancer (D:15)
  3 orc knights
  2 wizards
  6 ugly things
  2 orc sorcerers
  2 deep elf pyromancers
  3 large abominations (Gauntlet)
  A worldbinder (Gauntlet)
  2 manticores (Lair:5)
  A moth of wrath (Gauntlet)
  8 elephants
  9 cyclopes
  A merfolk siren (Lair:3)
  8 black mambas
  2 torpor snails (Lair:5)
  Maurice (D:11)
  7 cane toads
  3 gargoyles
  8 komodo dragons
  6 rime drakes
  An unseen horror (D:12)
  Psyche (D:12)
  A kobold demonologist (D:13)
  A tengu conjurer (D:14)
  5 trolls
  A tyrant leech (Lair:2)
  2 hornets
  3 polar bears
  9 blink frogs
  15 slime creatures
  2 dream sheep (Lair:5)
  4 wyverns
  A shadow (D:11)
  3 wraiths
  63 yaks
  7 hogs (D:12)
  A basilisk (Lair:1)
  A steam dragon (D:9)
  2 swamp worms (Lair:2)
  Edmund (D:4)
  2 wargs
  11 vampire mosquitoes
  An acid dragon (D:11)
  24 water moccasins
  2 sky beasts
  16 orc warriors
  2 black bears
  4 small abominations (Gauntlet)
  An ice beast (D:7)
  7 boggarts
  15 ogres
  20 wolves
  10 centaurs
  2 phantoms
  Blork the orc (D:4)
  6 bullfrogs
  2 kobold brigands
  4 scorpions
  7 wights
  3 killer bees (D:10)
  5 electric eels
  4 howler monkeys
  7 hounds
  23 orc priests
  7 jellies
  2 gnoll boudas
  An iguana (D:6)
  Terence (D:3)
  Natasha (twice) (D:2)
  13 orc wizards
  6 hell rats (Lair:4)
  Ijyb (D:3)
  Robin (D:3)
  9 gnolls
  7 adders
  2 river rats (D:5)
  13 white imps
  3 ufetubi
  5 worms
  2 dart slugs
  70 orcs
  17 endoplasms
  8 giant cockroaches
  18 goblins
  10 hobgoblins
  2 jackals (D:1)
  4 quokkas
  8 ball pythons
  8 bats
  6 frilled lizards
  17 kobolds
  6 rats
684 creatures vanquished.

Vanquished Creatures (others)
  19 fungi
  39 plants
58 creatures vanquished.

Grand Total: 742 creatures vanquished

Notes
Turn   | Place    | Note
-------+----------+-------------------------------------------
     0 | D:1      | qw the Gargoyle Fighter began the quest for the Orb.
     0 | D:1      | Reached XP level 1. HP: 14/14 MP: 1/1
     0 | D:1      | 0 ||| qw: Version: 0.2-a-13-gfc7b4b4
     0 | D:1      | 0 ||| qw: Game counter: 1766
     0 | D:1      | 0 ||| qw: Always use a shield: true
     0 | D:1      | 0 ||| qw: God list: Okawaru
     0 | D:1      | 0 ||| qw: Allow faded altars: false
     0 | D:1      | 0 ||| qw: Do Orc after D:15 true
     0 | D:1      | 0 ||| qw: Do second Lair branch before Depths: true
     0 | D:1      | 0 ||| qw: Lair rune preference: random
     0 | D:1      | 0 ||| qw: Plans: Normal, Zot:1-4, God:TSO, Crypt, Tomb,
                  | Pan, Slime:5, Hells, Abyss, Orb
     0 | D:1      | 0 ||| PLANNING D:1-11
     9 | D:1      | 9 ||| Stepping randomly (stuck).
    11 | D:1      | 11 ||| Stepping randomly (stuck).
    12 | D:1      | 12 ||| Stepping randomly (stuck).
    35 | D:1      | 35 ||| Stepping ~*~*~tactically~*~*~ (stealth).
    37 | D:1      | 37 ||| Stepping ~*~*~tactically~*~*~ (stealth).
    41 | D:1      | Reached skill level 2 in Axes
   122 | D:1      | Reached XP level 2. HP: 19/19 MP: 2/2
   451 | D:1      | Found a faded altar of an unknown god.
   454 | D:1      | Reached skill level 3 in Axes
   650 | D:1      | Reached XP level 3. HP: 22/23 MP: 3/3
   850 | D:1      | 850 ||| UPGRADING to +0 plate armour.
   860 | D:1      | 860 ||| DROPPING +0 scale mail.
   861 | D:1      | 861 ||| UPGRADING to +0 pair of boots.
   866 | D:1      | 866 ||| READING scroll labelled FEG UHECUS.
   867 | D:1      | 867 ||| READING scroll labelled BAOLUNIRYS.
   868 | D:1      | 868 ||| READING 2 scrolls labelled VURPHA YQOMPI.
   869 | D:1      | 869 ||| READING scroll labelled OGUZICW ZOSEX.
   870 | D:1      | 870 ||| READING scroll labelled BACIAD TOTOT.
   871 | D:1      | 871 ||| DRINKING 2 orange potions.
   872 | D:1      | 872 ||| DRINKING 2 emerald potions.
   873 | D:1      | 873 ||| DROPPING scroll of poison.
  1141 | D:2      | Reached XP level 4. HP: 28/28 MP: 4/4
  1233 | D:2      | 1233 ||| Stepping ~*~*~tactically~*~*~ (stealth).
  1234 | D:2      | 1234 ||| Stepping ~*~*~tactically~*~*~ (stealth).
  1290 | D:2      | Reached skill level 4 in Axes
  1384 | D:2      | Noticed Natasha
  1393 | D:2      | Killed Natasha
  1682 | D:2      | Noticed Natasha
  1687 | D:2      | Killed Natasha
  1688 | D:2      | Reached XP level 5. HP: 31/32 MP: 5/5
  1779 | D:2      | 1779 ||| READING scroll labelled GIMONICWUPPO.
  1780 | D:2      | 1780 ||| READING scroll labelled QOETIOCWIB.
  1781 | D:2      | 1781 ||| READING 3 scrolls labelled NELUSCH TAUK.
  1784 | D:2      | 1784 ||| READING scroll labelled DAKUSA DERURI.
  1785 | D:2      | 1785 ||| DRINKING 2 viscous white potions.
  1785 | D:2      | Gained mutation: Your large and strong wings let you fly.
                  | [potion of mutation]
  1785 | D:2      | Gained mutation: You passively map a small area around you.
                  | [potion of mutation]
  1785 | D:2      | Gained mutation: You have large cloven feet. [potion of
                  | mutation]
  1819 | D:3      | Noticed Robin
  1820 | D:3      | 1820 ||| Stepping ~*~*~tactically~*~*~ (stealth).
  1822 | D:3      | 1822 ||| Stepping ~*~*~tactically~*~*~ (hiding).
  1833 | D:3      | Killed Robin
  1851 | D:3      | 1851 ||| FLEEEEING.
  1851 | D:3      | Noticed a phantom
  1856 | D:3      | Killed a phantom
  1857 | D:3      | Reached skill level 5 in Axes
  1861 | D:3      | 1861 ||| FLEEEEING.
  1862 | D:3      | 1862 ||| STAIRDANCE
  1890 | D:3      | 1890 ||| STAIRDANCE
  1909 | D:3      | 1909 ||| STAIRDANCE
  1913 | D:2      | Reached XP level 6. HP: 36/37 MP: 6/6
  1919 | D:3      | 1919 ||| STAIRDANCE
  1970 | D:3      | 1970 ||| Stepping ~*~*~tactically~*~*~ (stealth).
  1989 | D:3      | Noticed Ijyb
  2003 | D:3      | Killed Ijyb
  2242 | D:3      | 2242 ||| DROPPING +0 whip.
  2243 | D:3      | Noticed Terence
  2253 | D:3      | Killed Terence
  2351 | D:3      | 2351 ||| FLEEEEING.
  2352 | D:3      | 2352 ||| FLEEEEING.
  2353 | D:3      | 2353 ||| FLEEEEING.
  2354 | D:3      | 2354 ||| FLEEEEING.
  2355 | D:3      | 2355 ||| FLEEEEING.
  2356 | D:3      | 2356 ||| FLEEEEING.
  2382 | D:3      | 2382 ||| DROPPING +0 flail.
  2829 | D:3      | 2829 ||| UPGRADING to +0 helmet.
  2834 | D:3      | 2834 ||| READING scroll labelled JOT LEZEIRGHERGH.
  2835 | D:3      | 2835 ||| READING scroll labelled BOEKOV NOKUOPH.
  2836 | D:3      | 2836 ||| READING scroll labelled EJEP XOSCHAOPT.
  2856 | D:4      | Reached skill level 6 in Axes
  2925 | D:4      | Found Zad Gyaff's Distillery.
  2937 | D:4      | 2937 ||| BUYING potion of curing (33 gold).
  2937 | D:4      | Bought a potion of curing for 33 gold pieces
  2937 | D:4      | 2937 ||| BUYING potion of curing (33 gold).
  2937 | D:4      | Bought a potion of curing for 33 gold pieces
  2937 | D:4      | 2937 ||| BUYING potion of curing (33 gold).
  2937 | D:4      | Bought a potion of curing for 33 gold pieces
  2937 | D:4      | 2937 ||| BUYING potion of curing (33 gold).
  2937 | D:4      | Bought a potion of curing for 33 gold pieces
  2937 | D:4      | 2937 ||| SHOPLISTING potion of haste (110 gold, have 12).
  2937 | D:4      | 2937 ||| SHOPLISTING potion of might (44 gold, have 12).
  2946 | D:4      | Found a staircase to the Ecumenical Temple.
  2947 | D:4      | 2947 ||| PLANNING TEMPLE
  2956 | Temple   | Entered the Ecumenical Temple
  2966 | Temple   | 2966 ||| PLANNING OKAWARU WORSHIP
  3129 | Temple   | Became a worshipper of Warmaster Okawaru
  3130 | Temple   | 3130 ||| PLANNING D:1-11
  3293 | D:4      | Reached XP level 7. HP: 42/43 MP: 7/7
  3574 | D:4      | 3574 ||| READING scroll of enchant weapon.
  3574 | D:4      | 3574 ||| ENCHANTING +1 war axe of electrocution.
  3644 | D:4      | 3644 ||| Stepping ~*~*~tactically~*~*~ (hiding).
  3762 | D:4      | 3762 ||| Stepping ~*~*~tactically~*~*~ (stealth).
  3764 | D:4      | 3764 ||| Stepping ~*~*~tactically~*~*~ (stealth).
  3790 | D:4      | 3790 ||| Stepping ~*~*~tactically~*~*~ (stealth).
  3791 | D:4      | 3791 ||| Stepping ~*~*~tactically~*~*~ (stealth).
  3863 | D:4      | Noticed Blork the orc
  3869 | D:4      | Killed Blork the orc
  3954 | D:4      | 3954 ||| Stepping ~*~*~tactically~*~*~ (stealth).
  3959 | D:4      | Noticed Edmund
  3961 | D:4      | 3961 ||| Stepping ~*~*~tactically~*~*~ (stealth).
  3984 | D:4      | Killed Edmund
  3985 | D:4      | Reached skill level 7 in Axes
  4021 | D:4      | 4021 ||| DROPPING +1 flail of holy wrath.
  4225 | D:4      | 4225 ||| DRINKING 2 black potions.
  4226 | D:4      | 4226 ||| DROPPING potion of flight.
  4265 | D:5      | Entered Level 5 of the Dungeon
  4266 | D:5      | 4266 ||| PLANNING SEWER
  4288 | D:5      | Reached * piety under Okawaru
  4289 | D:5      | Reached XP level 8. HP: 45/48 MP: 8/8
  4301 | D:5      | Noticed a yak
  4302 | D:5      | Noticed a yak
  4306 | D:5      | Noticed a yak
  4307 | D:5      | Noticed a yak
  4308 | D:5      | 4308 ||| INVOKING Heroism.
  4312 | D:5      | Killed a yak
  4313 | D:5      | Reached skill level 1 in Invocations
  4319 | D:5      | Killed a yak
  4320 | D:5      | Reached skill level 1 in Dodging
  4323 | D:5      | Killed a yak
  4324 | D:5      | Reached skill level 1 in Throwing
  4324 | D:5      | Reached skill level 3 in Invocations
  4329 | D:5      | 4329 ||| INVOKING Heroism.
  4332 | D:5      | Killed a yak
  4332 | D:5      | Reached ** piety under Okawaru
  4499 | D:5      | Found a glowing drain.
  4500 | D:5      | 4500 ||| FLEEEEING.
  4503 | D:5      | 4503 ||| FLEEEEING.
  4504 | D:5      | 4504 ||| FLEEEEING.
  4505 | D:5      | 4505 ||| FLEEEEING.
  4509 | D:5      | 4509 ||| FLEEEEING.
  4547 | D:5      | 4547 ||| Stepping ~*~*~tactically~*~*~ (stealth).
  4586 | Sewer    | Entered a sewer
  4650 | Sewer    | 4650 ||| INVOKING Heroism.
  4679 | Sewer    | 4679 ||| Stepping ~*~*~tactically~*~*~ (stealth).
  4681 | Sewer    | 4681 ||| Stepping ~*~*~tactically~*~*~ (stealth).
  4682 | Sewer    | 4682 ||| Stepping ~*~*~tactically~*~*~ (stealth).
  4725 | Sewer    | 4725 ||| INVOKING Heroism.
  4743 | Sewer    | 4743 ||| INVOKING Heroism.
  4759 | Sewer    | Found a viscous altar of Jiyva.
  4833 | Sewer    | 4833 ||| INVOKING Heroism.
  4854 | Sewer    | 4854 ||| DRINKING 2 glowing red potions.
  4869 | D:5      | 4869 ||| PLANNING D:1-11
  4945 | D:5      | Reached skill level 8 in Axes
  4956 | D:5      | 4956 ||| READING scroll of enchant weapon.
  4956 | D:5      | 4956 ||| ENCHANTING +2 war axe of electrocution.
  5091 | D:5      | Reached XP level 9. HP: 54/54 MP: 12/12
  5178 | D:5      | 5178 ||| Stepping ~*~*~tactically~*~*~ (stealth).
  5180 | D:5      | 5180 ||| Stepping ~*~*~tactically~*~*~ (stealth).
  5206 | D:5      | 5206 ||| Stepping ~*~*~tactically~*~*~ (stealth).
  5336 | D:5      | 5336 ||| INVOKING Heroism.
  5434 | D:5      | 5434 ||| READING 3 scrolls of identify.
  5434 | D:5      | 5434 ||| IDENTIFYING glowing purple potion
  5435 | D:5      | 5435 ||| READING 2 scrolls of identify.
  5435 | D:5      | 5435 ||| IDENTIFYING dark potion
  5436 | D:5      | 5436 ||| DROPPING potion of brilliance.
  5547 | D:6      | 5547 ||| Stepping ~*~*~tactically~*~*~ (hiding).
  5554 | D:6      | 5554 ||| Stepping ~*~*~tactically~*~*~ (stealth).
  5584 | D:6      | 5584 ||| INVOKING Heroism.
  5588 | D:6      | Reached skill level 6 in Fighting
  5650 | D:6      | 5650 ||| Stepping ~*~*~tactically~*~*~ (stealth).
  5652 | D:6      | 5652 ||| Stepping ~*~*~tactically~*~*~ (stealth).
  5663 | D:6      | 5663 ||| Stepping ~*~*~tactically~*~*~ (stealth).
  5745 | D:6      | 5745 ||| INVOKING Heroism.
  5870 | D:6      | 5870 ||| INVOKING Heroism.
  5971 | D:6      | Reached skill level 9 in Axes
  6285 | D:6      | 6285 ||| Stepping ~*~*~tactically~*~*~ (stealth).
  6292 | D:6      | 6292 ||| Stepping ~*~*~tactically~*~*~ (hiding).
  6453 | D:6      | 6453 ||| UPGRADING to ring of protection from cold.
  6454 | D:6      | 6454 ||| READING scroll labelled MUYSTY DEXUEDO.
  6455 | D:6      | 6455 ||| READING 2 scrolls of identify.
  6455 | D:6      | 6455 ||| IDENTIFYING silvery potion
  6456 | D:6      | 6456 ||| DROPPING potion of degeneration.
  6514 | D:7      | 6514 ||| READING scroll of brand weapon.
  6514 | D:7      | 6514 ||| BRANDING +3 war axe of electrocution.
  6533 | D:7      | 6533 ||| INVOKING Heroism.
  6630 | D:7      | Reached skill level 6 in Armour
  6738 | D:7      | 6738 ||| Stepping ~*~*~tactically~*~*~ (stealth).
  6812 | D:7      | 6812 ||| Stepping ~*~*~tactically~*~*~ (hiding).
  6814 | D:7      | 6814 ||| Stepping ~*~*~tactically~*~*~ (hiding).
  6816 | D:7      | 6816 ||| INVOKING Heroism.
  6823 | D:7      | Reached *** piety under Okawaru
  6980 | D:7      | 6980 ||| READING 2 scrolls of identify.
  6980 | D:7      | 6980 ||| IDENTIFYING bubbling amethyst potion
  7076 | D:8      | Noticed a hornet
  7081 | D:8      | Killed a hornet
  7082 | D:8      | Reached XP level 10. HP: 59/63 MP: 13/13
  7130 | D:8      | Found a staircase to the Lair.
  7189 | D:8      | Found a bloodstained altar of Trog.
  7196 | D:8      | Reached skill level 10 in Axes
  7216 | D:8      | 7216 ||| INVOKING Heroism.
  7488 | D:8      | 7488 ||| INVOKING Heroism.
  7620 | D:8      | 7620 ||| INVOKING Heroism.
  8158 | D:8      | 8158 ||| PLANNING LAIR
  8158 | D:8      | 8158 ||| READING scroll labelled GEM YHEINKEGU.
  8158 | D:8      | Identified a scroll of acquirement
  8158 | D:8      | 8158 ||| ACQUIRING +5 plate armour of Soft Rains {Dex+4}
  8158 | D:8      | Acquired the +5 plate armour of Soft Rains {Dex+4}
  8160 | D:8      | 8160 ||| UPGRADING to +5 plate armour of Soft Rains
                  | {Dex+4}.
  8170 | D:8      | 8170 ||| DROPPING +0 plate armour.
  8171 | D:8      | 8171 ||| DROPPING +1 chain mail of fire resistance.
  8172 | D:8      | 8172 ||| READING 4 scrolls of identify.
  8172 | D:8      | 8172 ||| IDENTIFYING inky potion
  8236 | Lair:1   | Entered Level 1 of the Lair of Beasts
  8250 | Lair:1   | 8250 ||| INVOKING Heroism.
  8252 | Lair:1   | Reached **** piety under Okawaru
  8262 | Lair:1   | 8262 ||| Stepping ~*~*~tactically~*~*~ (stealth).
  8311 | Lair:1   | 8311 ||| Stepping ~*~*~tactically~*~*~ (stealth).
  8314 | Lair:1   | 8314 ||| INVOKING Heroism.
  8473 | Lair:1   | Noticed a cane toad
  8474 | Lair:1   | 8474 ||| INVOKING Heroism.
  8483 | Lair:1   | Killed a cane toad
  8534 | Lair:1   | Noticed a cane toad
  8535 | Lair:1   | 8535 ||| INVOKING Heroism.
  8542 | Lair:1   | Killed a cane toad
  8542 | Lair:1   | Received a gift from Okawaru
  8543 | Lair:1   | Reached skill level 6 in Invocations
  8554 | Lair:1   | Noticed a five-headed hydra
  8557 | Lair:1   | 8557 ||| INVOKING Heroism.
  8558 | Lair:1   | 8558 ||| SWAPPING to +2 flail of venom.
  8559 | Lair:1   | 8559 ||| Stepping ~*~*~tactically~*~*~ (outnumbered).
  8560 | Lair:1   | 8560 ||| Stepping ~*~*~tactically~*~*~ (outnumbered).
  8561 | Lair:1   | 8561 ||| SWAPPING to +3 war axe of venom.
  8563 | Lair:1   | 8563 ||| SWAPPING to +2 flail of venom.
  8573 | Lair:1   | Killed a five-headed hydra
  8574 | Lair:1   | Reached XP level 11. HP: 63/69 MP: 13/16
  8574 | Lair:1   | 8574 ||| SWAPPING to +3 war axe of venom.
  8607 | Lair:1   | 8607 ||| READING scroll of enchant weapon.
  8607 | Lair:1   | 8607 ||| ENCHANTING +3 war axe of venom.
  8642 | Lair:1   | 8642 ||| INVOKING Heroism.
  8651 | Lair:1   | Reached ***** piety under Okawaru
  8702 | Lair:1   | 8702 ||| INVOKING Heroism.
  8759 | Lair:1   | 8759 ||| Stepping ~*~*~tactically~*~*~ (stealth).
  8776 | Lair:1   | 8776 ||| DROPPING +1 mace of protection.
  8812 | Lair:1   | 8812 ||| INVOKING Heroism.
  8819 | Lair:1   | Reached skill level 11 in Axes
  8864 | Lair:1   | 8864 ||| READING 2 scrolls of enchant armour.
  8864 | Lair:1   | 8864 ||| ENCHANTING +0 helmet.
  8865 | Lair:1   | 8865 ||| READING scroll of enchant armour.
  8865 | Lair:1   | 8865 ||| ENCHANTING +1 helmet.
  8972 | Lair:1   | 8972 ||| INVOKING Heroism.
  9252 | Lair:1   | 9252 ||| DROPPING +1 hat.
  9284 | Lair:2   | Reached skill level 9 in Fighting
  9321 | Lair:2   | 9321 ||| INVOKING Heroism.
  9408 | Lair:2   | Identified the +7 war axe of the Fox {elec, Will+ Str+2
                  | Int+3} (Okawaru gifted it to you on level 2 of the Lair of
                  | Beasts)
  9408 | Lair:2   | Received a gift from Okawaru
  9446 | Lair:2   | 9446 ||| SWAPPING to +7 war axe of the Fox {elec, Will+
                  | Str+2 Int+3}.
  9447 | Lair:2   | 9447 ||| DROPPING +4 war axe of venom.
  9522 | Lair:2   | Noticed an oklob plant
  9523 | Lair:2   | 9523 ||| INVOKING Heroism.
  9524 | Lair:2   | 9524 ||| INVOKING Finesse.
  9669 | Lair:2   | 9669 ||| INVOKING Heroism.
  9680 | Lair:2   | Reached skill level 9 in Invocations
  9685 | Lair:2   | 9685 ||| Stepping ~*~*~tactically~*~*~ (stealth).
  9686 | Lair:2   | Found a staircase to the Snake Pit.
  9786 | Lair:2   | 9786 ||| INVOKING Heroism.
  9814 | Lair:2   | 9814 ||| INVOKING Heroism.
  9841 | Lair:2   | 9841 ||| INVOKING Heroism.
 10085 | Lair:2   | 10085 ||| INVOKING Heroism.
 10102 | Lair:2   | Reached XP level 12. HP: 66/76 MP: 19/19
 10239 | Lair:2   | 10239 ||| Stepping ~*~*~tactically~*~*~ (hiding).
 10240 | Lair:2   | 10240 ||| Stepping ~*~*~tactically~*~*~ (hiding).
 10242 | Lair:2   | 10242 ||| INVOKING Heroism.
 10254 | Lair:2   | 10254 ||| INVOKING Heroism.
 10368 | Lair:2   | Identified the +4 rapier of Elokoixt {flame, Dex+4}
 10369 | Lair:2   | 10369 ||| READING scroll labelled UNKAEN FYXTARIRE.
 10504 | Lair:3   | 10504 ||| Stepping ~*~*~tactically~*~*~ (stealth).
 10506 | Lair:3   | 10506 ||| Stepping ~*~*~tactically~*~*~ (hiding).
 10515 | Lair:3   | Reached skill level 12 in Axes
 10642 | Lair:3   | 10642 ||| Stepping ~*~*~tactically~*~*~ (stealth).
 10644 | Lair:3   | 10644 ||| Stepping ~*~*~tactically~*~*~ (stealth).
 10649 | Lair:3   | Identified the +2 pair of gloves of Ineigot {rPois}
                  | (Okawaru gifted it to you on level 3 of the Lair of Beasts)
 10649 | Lair:3   | Received a gift from Okawaru
 10659 | Lair:3   | Reached skill level 6 in Shields
 10749 | Lair:3   | 10749 ||| INVOKING Heroism.
 10802 | Lair:3   | 10802 ||| Stepping ~*~*~tactically~*~*~ (hiding).
 11081 | Lair:3   | 11081 ||| INVOKING Heroism.
 11266 | Lair:3   | Noticed a death yak
 11266 | Lair:3   | Noticed a death yak
 11266 | Lair:3   | Noticed a death yak
 11267 | Lair:3   | 11267 ||| INVOKING Heroism.
 11267 | Lair:3   | Noticed a four-headed hydra
 11268 | Lair:3   | 11268 ||| INVOKING Finesse.
 11274 | Lair:3   | 11274 ||| SWAPPING to +2 flail of venom.
 11275 | Lair:3   | 11275 ||| Stepping ~*~*~tactically~*~*~ (outnumbered).
 11276 | Lair:3   | 11276 ||| Stepping ~*~*~tactically~*~*~ (outnumbered).
 11277 | Lair:3   | 11277 ||| Stepping ~*~*~tactically~*~*~ (outnumbered).
 11278 | Lair:3   | 11278 ||| Stepping ~*~*~tactically~*~*~ (outnumbered).
 11279 | Lair:3   | 11279 ||| Stepping ~*~*~tactically~*~*~ (outnumbered).
 11280 | Lair:3   | 11280 ||| Stepping ~*~*~tactically~*~*~ (outnumbered).
 11281 | Lair:3   | 11281 ||| Stepping ~*~*~tactically~*~*~ (outnumbered).
 11283 | Lair:3   | 11283 ||| Stepping ~*~*~tactically~*~*~ (outnumbered).
 11284 | Lair:3   | 11284 ||| SWAPPING to +7 war axe of the Fox {elec, Will+
                  | Str+2 Int+3}.
 11285 | Lair:3   | 11285 ||| SWAPPING to +2 flail of venom.
 11286 | Lair:3   | 11286 ||| Stepping ~*~*~tactically~*~*~ (outnumbered).
 11287 | Lair:3   | 11287 ||| Stepping ~*~*~tactically~*~*~ (outnumbered).
 11291 | Lair:3   | 11291 ||| Stepping ~*~*~tactically~*~*~ (outnumbered).
 11292 | Lair:3   | 11292 ||| Stepping ~*~*~tactically~*~*~ (outnumbered).
 11293 | Lair:3   | 11293 ||| Stepping ~*~*~tactically~*~*~ (outnumbered).
 11296 | Lair:3   | 11296 ||| Stepping ~*~*~tactically~*~*~ (outnumbered).
 11297 | Lair:3   | 11297 ||| SWAPPING to +7 war axe of the Fox {elec, Will+
                  | Str+2 Int+3}.
 11299 | Lair:3   | Killed a death yak
 11300 | Lair:3   | 11300 ||| SWAPPING to +2 flail of venom.
 11301 | Lair:3   | 11301 ||| Stepping ~*~*~tactically~*~*~ (outnumbered).
 11302 | Lair:3   | 11302 ||| INVOKING Finesse.
 11307 | Lair:3   | 11307 ||| INVOKING Heroism.
 11325 | Lair:3   | Killed a death yak
 11326 | Lair:3   | Reached skill level 9 in Armour
 11328 | Lair:3   | 11328 ||| SWAPPING to +7 war axe of the Fox {elec, Will+
                  | Str+2 Int+3}.
 11331 | Lair:3   | 11331 ||| SWAPPING to +2 flail of venom.
 11333 | Lair:3   | 11333 ||| SWAPPING to +7 war axe of the Fox {elec, Will+
                  | Str+2 Int+3}.
 11335 | Lair:3   | 11335 ||| SWAPPING to +2 flail of venom.
 11337 | Lair:3   | 11337 ||| SWAPPING to +7 war axe of the Fox {elec, Will+
                  | Str+2 Int+3}.
 11340 | Lair:3   | 11340 ||| SWAPPING to +2 flail of venom.
 11341 | Lair:3   | Killed a death yak
 11352 | Lair:3   | Killed a four-headed hydra
 11353 | Lair:3   | 11353 ||| SWAPPING to +7 war axe of the Fox {elec, Will+
                  | Str+2 Int+3}.
 11682 | Lair:3   | Found a staircase to the Shoals.
 11780 | Lair:3   | 11780 ||| UPGRADING to +2 pair of gloves of Ineigot
                  | {rPois}.
 11813 | Lair:4   | 11813 ||| INVOKING Heroism.
 11816 | Lair:4   | 11816 ||| Stepping ~*~*~tactically~*~*~ (stealth).
 11820 | Lair:4   | Reached skill level 3 in Throwing
 11933 | Lair:4   | 11933 ||| INVOKING Heroism.
 11945 | Lair:4   | Noticed a six-headed hydra
 11946 | Lair:4   | 11946 ||| INVOKING Finesse.
 11952 | Lair:4   | 11952 ||| SWAPPING to +2 flail of venom.
 11966 | Lair:4   | Killed a six-headed hydra
 11966 | Lair:4   | Received a gift from Okawaru
 11967 | Lair:4   | 11967 ||| SWAPPING to +7 war axe of the Fox {elec, Will+
                  | Str+2 Int+3}.
 12019 | Lair:4   | Reached skill level 13 in Axes
 12019 | Lair:4   | 12019 ||| INVOKING Heroism.
 12022 | Lair:4   | Reached XP level 13. HP: 79/82 MP: 17/20
 12086 | Lair:4   | 12086 ||| Stepping ~*~*~tactically~*~*~ (hiding).
 12107 | Lair:4   | 12107 ||| Stepping ~*~*~tactically~*~*~ (hiding).
 12108 | Lair:4   | 12108 ||| Stepping ~*~*~tactically~*~*~ (hiding).
 12113 | Lair:4   | Found a frozen archway.
 12116 | Lair:4   | 12116 ||| INVOKING Heroism.
 12163 | Lair:4   | Reached skill level 3 in Dodging
 12174 | Lair:4   | 12174 ||| INVOKING Heroism.
 12264 | Lair:4   | You are sucked into a shaft and drop 1 floor!
 12264 | Lair:5   | Entered Level 5 of the Lair of Beasts
 12265 | Lair:5   | 12265 ||| INVOKING Heroism.
 12265 | Lair:5   | Noticed Snorg
 12266 | Lair:5   | 12266 ||| INVOKING Finesse.
 12294 | Lair:5   | Killed Snorg
 12350 | Lair:4   | 12350 ||| INVOKING Heroism.
 12505 | Lair:4   | 12505 ||| Stepping ~*~*~tactically~*~*~ (stealth).
 12613 | Lair:4   | 12613 ||| Stepping ~*~*~tactically~*~*~ (stealth).
 12848 | Lair:4   | 12848 ||| INVOKING Heroism.
 13082 | Lair:4   | 13082 ||| DROPPING +6 ring of intelligence.
 13083 | Lair:4   | 13083 ||| UPGRADING to +4 ring of evasion.
 13285 | Lair:5   | 13285 ||| Stepping ~*~*~tactically~*~*~ (stealth).
 13288 | Lair:5   | 13288 ||| INVOKING Heroism.
 13311 | Lair:5   | Received a gift from Okawaru
 13315 | Lair:5   | Reached skill level 14 in Axes
 13319 | Lair:5   | 13319 ||| DROPPING +0 broad axe of draining.
 13356 | Lair:5   | Found a staircase to the Slime Pits.
 13359 | Lair:5   | 13359 ||| Stepping ~*~*~tactically~*~*~ (stealth).
 13381 | Lair:5   | 13381 ||| INVOKING Heroism.
 13384 | Lair:5   | 13384 ||| INVOKING Finesse.
 13389 | Lair:5   | 13389 ||| SWAPPING to +2 flail of venom.
 13415 | Lair:5   | HP: 15/83 [six-headed hydra (10)]
 13416 | Lair:5   | 13416 ||| READING 3 scrolls of teleportation.
 13416 | Lair:5   | HP: 7/83 [six-headed hydra (2)]
 13417 | Lair:5   | 13417 ||| DRINKING 8 potions of heal wounds.
 13418 | Lair:5   | 13418 ||| DRINKING 7 potions of heal wounds.
 13419 | Lair:5   | 13419 ||| SWAPPING to +7 war axe of the Fox {elec, Will+
                  | Str+2 Int+3}.
 13511 | Lair:5   | 13511 ||| INVOKING Heroism.
 13512 | Lair:5   | 13512 ||| INVOKING Finesse.
 13517 | Lair:5   | 13517 ||| SWAPPING to +2 flail of venom.
 13521 | Lair:5   | 13521 ||| SWAPPING to +7 war axe of the Fox {elec, Will+
                  | Str+2 Int+3}.
 13634 | Lair:5   | 13634 ||| FLEEEEING.
 13635 | Lair:5   | 13635 ||| FLEEEEING.
 13636 | Lair:5   | 13636 ||| FLEEEEING.
 13637 | Lair:5   | 13637 ||| FLEEEEING.
 13638 | Lair:5   | 13638 ||| FLEEEEING.
 13639 | Lair:5   | 13639 ||| FLEEEEING.
 13651 | Lair:5   | 13651 ||| FLEEEEING.
 13652 | Lair:5   | 13652 ||| FLEEEEING.
 13653 | Lair:5   | 13653 ||| FLEEEEING.
 13654 | Lair:5   | 13654 ||| FLEEEEING.
 13655 | Lair:5   | 13655 ||| FLEEEEING.
 13656 | Lair:5   | 13656 ||| FLEEEEING.
 13657 | Lair:5   | 13657 ||| FLEEEEING.
 13658 | Lair:5   | 13658 ||| FLEEEEING.
 13659 | Lair:5   | 13659 ||| FLEEEEING.
 13660 | Lair:5   | 13660 ||| FLEEEEING.
 13661 | Lair:5   | 13661 ||| FLEEEEING.
 13662 | Lair:5   | 13662 ||| FLEEEEING.
 13663 | Lair:5   | 13663 ||| FLEEEEING.
 13664 | Lair:5   | 13664 ||| FLEEEEING.
 13665 | Lair:5   | 13665 ||| FLEEEEING.
 13666 | Lair:5   | 13666 ||| FLEEEEING.
 13667 | Lair:5   | 13667 ||| FLEEEEING.
 13668 | Lair:5   | 13668 ||| FLEEEEING.
 13669 | Lair:5   | 13669 ||| FLEEEEING.
 13670 | Lair:5   | 13670 ||| FLEEEEING.
 13671 | Lair:5   | 13671 ||| FLEEEEING.
 13672 | Lair:5   | 13672 ||| FLEEEEING.
 13673 | Lair:5   | 13673 ||| FLEEEEING.
 13674 | Lair:5   | 13674 ||| FLEEEEING.
 13675 | Lair:5   | 13675 ||| FLEEEEING.
 13676 | Lair:5   | 13676 ||| FLEEEEING.
 13677 | Lair:5   | 13677 ||| FLEEEEING.
 13678 | Lair:5   | 13678 ||| FLEEEEING.
 13679 | Lair:5   | 13679 ||| FLEEEEING.
 13680 | Lair:5   | 13680 ||| FLEEEEING.
 13681 | Lair:5   | 13681 ||| FLEEEEING.
 13682 | Lair:5   | 13682 ||| FLEEEEING.
 13683 | Lair:5   | 13683 ||| FLEEEEING.
 13684 | Lair:5   | 13684 ||| FLEEEEING.
 13685 | Lair:5   | 13685 ||| FLEEEEING.
 13686 | Lair:5   | 13686 ||| FLEEEEING.
 13687 | Lair:5   | 13687 ||| FLEEEEING.
 13688 | Lair:5   | 13688 ||| FLEEEEING.
 13689 | Lair:5   | 13689 ||| FLEEEEING.
 13690 | Lair:5   | 13690 ||| FLEEEEING.
 13691 | Lair:5   | 13691 ||| FLEEEEING.
 13692 | Lair:5   | 13692 ||| FLEEEEING.
 13693 | Lair:5   | 13693 ||| FLEEEEING.
 13694 | Lair:5   | 13694 ||| INVOKING Heroism.
 13848 | Lair:5   | 13848 ||| INVOKING Heroism.
 13849 | Lair:5   | 13849 ||| INVOKING Finesse.
 13950 | Lair:5   | 13950 ||| INVOKING Heroism.
 13951 | Lair:5   | 13951 ||| INVOKING Finesse.
 13960 | Lair:5   | Received a gift from Okawaru
 14020 | Lair:5   | 14020 ||| Stepping ~*~*~tactically~*~*~ (stealth).
 14022 | Lair:5   | 14022 ||| Stepping ~*~*~tactically~*~*~ (stealth).
 14023 | Lair:5   | 14023 ||| Stepping ~*~*~tactically~*~*~ (stealth).
 14025 | Lair:5   | 14025 ||| INVOKING Heroism.
 14029 | Lair:5   | 14029 ||| Stepping ~*~*~tactically~*~*~ (stealth).
 14033 | Lair:5   | 14033 ||| Stepping ~*~*~tactically~*~*~ (stealth).
 14040 | Lair:5   | 14040 ||| INVOKING Finesse.
 14044 | Lair:5   | Received a gift from Okawaru
 14048 | Lair:5   | 14048 ||| Stepping ~*~*~tactically~*~*~ (stealth).
 14056 | Lair:5   | 14056 ||| Stepping ~*~*~tactically~*~*~ (stealth).
 14063 | Lair:5   | Mutation became permanent: Your large and strong wings let
                  | you fly. [Gargoyle growth]
 14063 | Lair:5   | Gained mutation: Your large and strong wings let you fly.
                  | [Gargoyle growth]
 14063 | Lair:5   | Reached XP level 14. HP: 81/90 MP: 17/21
 14112 | Lair:5   | Reached skill level 15 in Axes
 14129 | Lair:5   | 14129 ||| INVOKING Heroism.
 14130 | Lair:5   | 14130 ||| INVOKING Finesse.
 14267 | Lair:5   | 14267 ||| PLANNING D:1-11
 14390 | D:9      | Found a broken altar of Ashenzari.
 14392 | D:9      | 14392 ||| INVOKING Heroism.
 14394 | D:9      | 14394 ||| STAIRDANCE
 14406 | D:9      | 14406 ||| STAIRDANCE
 14435 | D:9      | Found a staircase to the Orcish Mines.
 14451 | D:9      | 14451 ||| INVOKING Heroism.
 14526 | D:9      | Found a flagged portal.
 14528 | D:9      | 14528 ||| INVOKING Heroism.
 14612 | D:9      | Found a transporter.
 14677 | D:9      | Found a sacrificial altar of Ru.
 14721 | D:9      | Found a runed translucent gate.
 14723 | D:9      | Found a runed translucent gate.
 14723 | D:9      | Found an opulent altar of Gozag.
 14725 | D:9      | Found a runed translucent gate.
 14729 | D:9      | 14729 ||| Stepping ~*~*~tactically~*~*~ (hiding).
 14729 | D:9      | Noticed qw's ghost (novice GrFi)
 14787 | D:9      | Found a white marble altar of Elyvilon.
 14799 | D:9      | 14799 ||| Stepping ~*~*~tactically~*~*~ (stealth).
 14803 | D:9      | 14803 ||| Stepping ~*~*~tactically~*~*~ (stealth).
 14805 | D:9      | 14805 ||| Stepping ~*~*~tactically~*~*~ (stealth).
 14813 | D:9      | 14813 ||| INVOKING Heroism.
 15090 | D:9      | Found Qoik Yvu's Assorted Antiques.
 15196 | D:9      | 15196 ||| Stepping ~*~*~tactically~*~*~ (stealth).
 15198 | D:9      | 15198 ||| Stepping ~*~*~tactically~*~*~ (hiding).
 15199 | D:9      | 15199 ||| Stepping ~*~*~tactically~*~*~ (hiding).
 15366 | D:9      | Found a transporter.
 15381 | D:9      | 15381 ||| DROPPING ring of positive energy.
 15382 | D:9      | 15382 ||| UPGRADING to +4 ring of protection.
 15384 | D:9      | 15384 ||| READING scroll labelled BOH KILUE.
 15400 | D:10     | Entered Level 10 of the Dungeon
 15473 | D:10     | 15473 ||| READING 2 scrolls of teleportation.
 15477 | D:10     | Found a basalt altar of Yredelemnul.
 15483 | D:10     | Found an ancient bone altar of Kikubaaqudgha.
 15489 | D:10     | 15489 ||| Stepping ~*~*~tactically~*~*~ (stealth).
 15490 | D:10     | 15490 ||| READING scroll of teleportation.
 15493 | D:10     | 15493 ||| Stepping ~*~*~tactically~*~*~ (hiding).
 15494 | D:10     | 15494 ||| INVOKING Heroism.
 15498 | D:10     | 15498 ||| Stepping ~*~*~tactically~*~*~ (stealth).
 15675 | D:10     | 15675 ||| DRINKING 2 ruby potions.
 15679 | D:10     | 15679 ||| DROPPING potion of ambrosia.
 15680 | D:10     | 15680 ||| Stepping randomly (stuck).
 15703 | D:10     | 15703 ||| Stepping randomly (stuck).
 15706 | D:10     | 15706 ||| Stepping randomly (stuck).
 15707 | D:10     | 15707 ||| Stepping randomly (stuck).
 15708 | D:10     | 15708 ||| Stepping randomly (stuck).
 15710 | D:10     | Found a transporter.
 15720 | D:10     | Found a transporter.
 16553 | D:11     | Noticed Harold
 16554 | D:11     | 16554 ||| Stepping ~*~*~tactically~*~*~ (hiding).
 16564 | D:11     | Killed Harold
 16588 | D:11     | 16588 ||| INVOKING Heroism.
 16589 | D:11     | 16589 ||| INVOKING Finesse.
 16653 | D:11     | Noticed Maurice
 16654 | D:11     | 16654 ||| Stepping ~*~*~tactically~*~*~ (hiding).
 16657 | D:11     | 16657 ||| Stepping ~*~*~tactically~*~*~ (hiding).
 16665 | D:11     | Killed Maurice
 16674 | D:11     | 16674 ||| Stepping ~*~*~tactically~*~*~ (stealth).
 16914 | D:11     | 16914 ||| INVOKING Heroism.
 17015 | D:11     | Noticed Lodul
 17016 | D:11     | 17016 ||| Stepping ~*~*~tactically~*~*~ (hiding).
 17035 | D:11     | 17035 ||| INVOKING Heroism.
 17037 | D:11     | Killed Lodul
 17049 | D:11     | Reached skill level 12 in Fighting
 17502 | D:11     | Found a sparkling altar of Nemelex Xobeh.
 17503 | D:11     | Noticed Erolcha
 17504 | D:11     | 17504 ||| INVOKING Heroism.
 17505 | D:11     | 17505 ||| INVOKING Finesse.
 17516 | D:11     | Killed Erolcha
 17557 | D:11     | 17557 ||| PLANNING D
 17557 | D:11     | 17557 ||| UPGRADING to +0 cloak.
 17596 | D:12     | 17596 ||| STAIRDANCE
 17634 | D:12     | 17634 ||| INVOKING Heroism.
 17711 | D:12     | 17711 ||| Stepping ~*~*~tactically~*~*~ (stealth).
 17717 | D:12     | 17717 ||| Stepping ~*~*~tactically~*~*~ (stealth).
 17726 | D:12     | Received a gift from Okawaru
 17733 | D:12     | 17733 ||| Stepping ~*~*~tactically~*~*~ (stealth).
 17766 | D:12     | Noticed Psyche
 17772 | D:12     | Killed Psyche
 17791 | D:12     | You are sucked into a shaft and drop 1 floor!
 17891 | D:13     | 17891 ||| INVOKING Heroism.
 17896 | D:13     | 17896 ||| Stepping ~*~*~tactically~*~*~ (stealth).
 17910 | D:13     | Received a gift from Okawaru
 17916 | D:13     | Reached skill level 12 in Armour
 17976 | D:13     | 17976 ||| INVOKING Heroism.
 18045 | D:12     | Noticed Kirke
 18046 | D:12     | 18046 ||| Stepping ~*~*~tactically~*~*~ (stealth).
 18049 | D:12     | 18049 ||| INVOKING Heroism.
 18054 | D:12     | Identified the +1 acid dragon scales of Okawaru, Supporting
                  | {-Cast +Blink rF+ rCorr} (Okawaru gifted it to you on level
                  | 12 of the Dungeon)
 18054 | D:12     | Received a gift from Okawaru
 18084 | D:12     | 18084 ||| Stepping ~*~*~tactically~*~*~ (stealth).
 18102 | D:12     | 18102 ||| Stepping ~*~*~tactically~*~*~ (stealth).
 18103 | D:12     | 18103 ||| Stepping ~*~*~tactically~*~*~ (stealth).
 18111 | D:12     | 18111 ||| INVOKING Heroism.
 18112 | D:12     | 18112 ||| INVOKING Finesse.
 18116 | D:12     | 18116 ||| FLEEEEING.
 18117 | D:12     | 18117 ||| FLEEEEING.
 18118 | D:12     | 18118 ||| FLEEEEING.
 18119 | D:12     | 18119 ||| FLEEEEING.
 18120 | D:12     | 18120 ||| FLEEEEING.
 18121 | D:12     | 18121 ||| FLEEEEING.
 18122 | D:12     | 18122 ||| FLEEEEING.
 18123 | D:12     | 18123 ||| FLEEEEING.
 18124 | D:12     | 18124 ||| FLEEEEING.
 18125 | D:12     | 18125 ||| FLEEEEING.
 18128 | D:12     | 18128 ||| STAIRDANCE
 18258 | D:12     | 18258 ||| INVOKING Heroism.
 18259 | D:12     | 18259 ||| INVOKING Finesse.
 18260 | D:12     | 18260 ||| STAIRDANCE
 18269 | D:11     | Killed Kirke
 18352 | D:12     | 18352 ||| DROPPING +2 flail of venom.
 18456 | D:12     | 18456 ||| UPGRADING to +1 pair of boots.
 18466 | D:12     | 18466 ||| DROPPING +0 pair of boots.
 18467 | D:12     | 18467 ||| READING scroll labelled BARONE JEMUABU.
 18587 | D:13     | 18587 ||| INVOKING Heroism.
 18589 | D:13     | 18589 ||| Stepping ~*~*~tactically~*~*~ (stealth).
 18665 | D:13     | 18665 ||| Stepping ~*~*~tactically~*~*~ (stealth).
 18681 | D:13     | 18681 ||| Stepping ~*~*~tactically~*~*~ (stealth).
 18689 | D:13     | 18689 ||| FLEEEEING.
 18690 | D:13     | 18690 ||| FLEEEEING.
 18694 | D:13     | 18694 ||| FLEEEEING.
 18695 | D:13     | 18695 ||| FLEEEEING.
 18696 | D:13     | 18696 ||| FLEEEEING.
 18795 | D:13     | 18795 ||| Stepping ~*~*~tactically~*~*~ (hiding).
 18865 | D:13     | 18865 ||| INVOKING Heroism.
 18874 | D:13     | Reached skill level 16 in Axes
 18996 | D:13     | Reached XP level 15. HP: 82/96 MP: 22/22
 19209 | D:14     | 19209 ||| PLANNING GAUNTLET
 19210 | D:14     | 19210 ||| Stepping ~*~*~tactically~*~*~ (stealth).
 19217 | D:14     | 19217 ||| INVOKING Heroism.
 19368 | D:14     | Found a gate to the Vaults.
 19519 | D:14     | 19519 ||| INVOKING Heroism.
 19522 | D:14     | 19522 ||| Stepping ~*~*~tactically~*~*~ (stealth).
 19742 | D:14     | Found a gate leading to a gauntlet.
 19747 | Gauntlet | Entered a Gauntlet
 19747 | Gauntlet | Found a transporter.
 19747 | Gauntlet | Found a transporter.
 19771 | Gauntlet | Found a transporter.
 19771 | Gauntlet | Found a transporter.
 19781 | Gauntlet | Found a transporter.
 19783 | Gauntlet | Found a transporter.
 19799 | Gauntlet | Found a transporter.
 19814 | Gauntlet | Found a runed translucent gate.
 19815 | Gauntlet | Found a transporter.
 19815 | Gauntlet | Found a runed translucent gate.
 19816 | Gauntlet | Found a runed translucent gate.
 19830 | Gauntlet | Found a transporter.
 19833 | Gauntlet | Found a transporter.
 19841 | Gauntlet | Found a transporter.
 19844 | Gauntlet | Found a transporter.
 19911 | Gauntlet | 19911 ||| INVOKING Heroism.
 19955 | Gauntlet | 19955 ||| INVOKING Heroism.
 20005 | Gauntlet | 20005 ||| DROPPING +0 pair of gloves of stealth.
 20094 | Gauntlet | Identified the ring of Vehumet's Vengeance {Str+4 Int+3
                  | Dex+6}
 20098 | Gauntlet | 20098 ||| UPGRADING to ring of Vehumet's Vengeance {Str+4
                  | Int+3 Dex+6}.
 20100 | Gauntlet | 20100 ||| DROPPING +4 ring of protection.
 20144 | Gauntlet | Identified the +10 flail of Prescription {holy, rN+ Str-3
                  | Int+2 Stlth+}
 20145 | Gauntlet | 20145 ||| Stepping ~*~*~tactically~*~*~ (hiding).
 20150 | Gauntlet | 20150 ||| INVOKING Heroism.
 20225 | D:14     | 20225 ||| PLANNING D
 20230 | D:14     | Found a portal to a secret trove of treasure.
 20246 | D:14     | 20246 ||| FLEEEEING.
 20247 | D:14     | 20247 ||| FLEEEEING.
 20248 | D:14     | 20248 ||| FLEEEEING.
 20249 | D:14     | 20249 ||| FLEEEEING.
 20250 | D:14     | 20250 ||| FLEEEEING.
 20265 | D:14     | 20265 ||| FLEEEEING.
 20284 | D:14     | 20284 ||| FLEEEEING.
 20285 | D:14     | 20285 ||| FLEEEEING.
 20286 | D:14     | 20286 ||| FLEEEEING.
 20290 | D:14     | 20290 ||| FLEEEEING.
 20291 | D:14     | 20291 ||| FLEEEEING.
 20292 | D:14     | 20292 ||| FLEEEEING.
 20293 | D:14     | 20293 ||| FLEEEEING.
 20294 | D:14     | 20294 ||| FLEEEEING.
 20522 | D:14     | 20522 ||| Stepping ~*~*~tactically~*~*~ (stealth).
 20538 | D:14     | 20538 ||| INVOKING Heroism.
 20753 | D:14     | 20753 ||| READING 14 scrolls of identify.
 20753 | D:14     | 20753 ||| IDENTIFYING lumpy inky potion
 20757 | D:15     | Entered Level 15 of the Dungeon
 20758 | D:15     | 20758 ||| INVOKING Heroism.
 20759 | D:15     | 20759 ||| INVOKING Finesse.
 20760 | D:15     | 20760 ||| STAIRDANCE
 20801 | D:15     | 20801 ||| STAIRDANCE
 20803 | D:14     | 20803 ||| INVOKING Heroism.
 20818 | D:15     | 20818 ||| STAIRDANCE
 20824 | D:15     | 20824 ||| STAIRDANCE
 20839 | D:15     | 20839 ||| STAIRDANCE
 20847 | D:15     | 20847 ||| Stepping ~*~*~tactically~*~*~ (hiding).
 20859 | D:15     | 20859 ||| INVOKING Heroism.
 20885 | D:15     | 20885 ||| Stepping ~*~*~tactically~*~*~ (stealth).
 20886 | D:15     | 20886 ||| STAIRDANCE
 20900 | D:15     | 20900 ||| STAIRDANCE
 20984 | D:15     | 20984 ||| Stepping ~*~*~tactically~*~*~ (hiding).
 20990 | D:15     | 20990 ||| INVOKING Heroism.
 20995 | D:15     | 20995 ||| STAIRDANCE
 21006 | D:14     | Reached skill level 6 in Dodging
 21012 | D:15     | 21012 ||| STAIRDANCE
 21044 | D:15     | 21044 ||| STAIRDANCE
 21052 | D:15     | 21052 ||| STAIRDANCE
 21130 | D:15     | 21130 ||| STAIRDANCE
 21138 | D:15     | 21138 ||| STAIRDANCE
 21151 | D:15     | 21151 ||| INVOKING Heroism.
 21224 | D:15     | Identified the +12 quarterstaff "Wacy" {venom, Dex+7}
 21286 | D:15     | 21286 ||| INVOKING Heroism.
 21287 | D:15     | 21287 ||| INVOKING Finesse.
 21539 | D:15     | 21539 ||| INVOKING Heroism.
 21565 | D:15     | Found a staircase to the Depths.
 21725 | D:15     | 21725 ||| Stepping ~*~*~tactically~*~*~ (hiding).
 21848 | D:15     | 21848 ||| Stepping ~*~*~tactically~*~*~ (hiding).
 21850 | D:15     | 21850 ||| Stepping ~*~*~tactically~*~*~ (hiding).
 21869 | D:15     | 21869 ||| Stepping ~*~*~tactically~*~*~ (stealth).
 21874 | D:15     | 21874 ||| INVOKING Heroism.
 21885 | D:15     | Reached skill level 6 in Throwing
 21889 | D:15     | Received a gift from Okawaru
 22139 | D:15     | 22139 ||| Stepping ~*~*~tactically~*~*~ (hiding).
 22149 | D:15     | Reached skill level 9 in Shields
 22291 | D:15     | 22291 ||| Stepping ~*~*~tactically~*~*~ (stealth).
 22302 | D:15     | 22302 ||| PLANNING ORC
 22302 | D:15     | 22302 ||| UPGRADING to +0 tower shield.
 22312 | D:15     | 22312 ||| DROPPING +0 buckler.
 22313 | D:15     | 22313 ||| READING 13 scrolls of identify.
 22313 | D:15     | 22313 ||| IDENTIFYING glowing white potion
 22314 | D:15     | 22314 ||| DRINKING potion of experience.
 22314 | D:15     | Reached XP level 16. HP: 104/104 MP: 23/23
 22493 | Orc:1    | Entered Level 1 of the Orcish Mines
 22497 | Orc:1    | 22497 ||| INVOKING Heroism.
 22760 | Orc:2    | Entered Level 2 of the Orcish Mines
 22761 | Orc:2    | 22761 ||| INVOKING Heroism.
 22793 | Orc:2    | Found a staircase to the Elven Halls.
 22907 | Orc:2    | 22907 ||| Stepping ~*~*~tactically~*~*~ (hiding).
 22914 | Orc:2    | 22914 ||| INVOKING Heroism.
 22916 | Orc:2    | 22916 ||| Stepping ~*~*~tactically~*~*~ (hiding).
 22935 | Orc:2    | Identified the +0 pearl dragon scales "Cupudun" {rN+ Regen+
                  | Int+4 Dex-2} (Okawaru gifted it to you on level 2 of the
                  | Orcish Mines)
 22935 | Orc:2    | Received a gift from Okawaru
 22938 | Orc:2    | 22938 ||| Stepping ~*~*~tactically~*~*~ (hiding).
 22959 | Orc:2    | 22959 ||| Stepping ~*~*~tactically~*~*~ (hiding).
 22960 | Orc:2    | 22960 ||| Stepping ~*~*~tactically~*~*~ (stealth).
 22976 | Orc:2    | 22976 ||| INVOKING Heroism.
 22984 | Orc:2    | Reached XP level 17. HP: 108/108 MP: 22/24
 22998 | Orc:2    | 22998 ||| Stepping ~*~*~tactically~*~*~ (hiding).
 23025 | Orc:2    | 23025 ||| INVOKING Heroism.
 23063 | Orc:2    | 23063 ||| Stepping ~*~*~tactically~*~*~ (stealth).
 23065 | Orc:2    | 23065 ||| Stepping ~*~*~tactically~*~*~ (stealth).
 23150 | Orc:2    | 23150 ||| Stepping ~*~*~tactically~*~*~ (stealth).
 23191 | Orc:2    | 23191 ||| Stepping ~*~*~tactically~*~*~ (stealth).
 23192 | Orc:2    | 23192 ||| Stepping ~*~*~tactically~*~*~ (stealth).
 23194 | Orc:2    | 23194 ||| Stepping ~*~*~tactically~*~*~ (hiding).
 23200 | Orc:2    | 23200 ||| INVOKING Heroism.
 23207 | Orc:2    | Reached skill level 12 in Shields
 23214 | Orc:2    | HP: 10/108 [orc warrior/+2 glaive of flaming (19)]
 23215 | Orc:2    | 23215 ||| READING 3 scrolls of teleportation.
 23215 | Orc:2    | Slain by an orc knight

Levels and vault maps discovered:
D:1:      scummos_arrival_star, layout_basic, nicolae_ecumenical_lake_church,
          grunt_decor_one_mirror
D:2:      layout_basic, uniq_natasha
D:3:      layout_loops_ring, kennysheep_generic_room_13, uniq_robin,
          uniq_terence, uniq_ijyb
D:4:      layout_loops_corners, minmay_temple_entry_trees, serial_shops, shop,
          minmay_ogre_servants, uniq_blork_the_orc, uniq_edmund
D:5:      layout_loops_ring, portal_sewer_entry_a, kennysheep_big_empty_room,
          kennysheep_generic_room_7
D:6:      layout_cave_pods, kennysheep_cross_room
D:7:      layout_rooms
D:8:      layout_basic, mainiacjoe_overflow_tiny_flanked, dpeg_oklobed_lair
D:9:      layout_gridville, ashenzari_altar_1,
          mainiacjoe_overflow_concentric_impassable, nicolae_ru_path_of_blood,
          orc_0_dummy, enter_bailey_7, ebering_ghost_gozag, nicolae_diode_stairs
D:10:     layout_loops_ring, gammafunk_temple_of_torment,
          serial_co_window_serial, co_window_paths_a, co_window_paths_a,
          co_window_paths_b, co_window_paths_b, co_window_paths_b,
          co_window_2corner, co_window_2corner, co_window_corner_b,
          co_window_corner_b, co_window_paths_c, co_window_paths_e,
          glass_columns_b, glass_columns_b, glass_columns_a
D:11:     layout_long_grid, hangedman_abyss_or_decor_stagger,
          nemelex_lonely_heart_becter, uniq_harold, uniq_lodul, uniq_erolcha,
          uniq_maurice
D:12:     layout_rooms, mumra_transporter_accident, uniq_kirke, uniq_psyche
D:13:     layout_basic
D:14:     layout_roguey, erik_vaults_1, infiniplex_staircase_zigzag_5,
          gauntlet_entry_generic, nicolae_trove_entry_crossroad
D:15:     hangedman_depths_entry_civil_slaughter, layout_basic,
          chequers_big_river, hangedman_decor_riveting
Temple:   eino_temple_scatter_basement
Lair:1:   layout_gridlike
Lair:2:   minmay_lair_oklob_chamber, layout_chaotic_city,
          minmay_snake_entry_six_corridors, chequers_serial_rivers_small_a,
          nicolae_quartered_pool_super, chequers_serial_rivers_large_a,
          worms_lemuel, lemuel_fruit_tree
Lair:3:   layout_cave_pods, elwin_shoals_entry_rooms
Lair:4:   layout_regular_city, portal_ice_cave_entry_imps, guppyfry_lair_drakes
Lair:5:   evilmike_catoblepas_cave, layout_gridlike,
          nicolae_slime_entry_slimehenge, chequers_serial_rivers_small_a,
          infiniplex_staircase_pool_2, uniq_snorg
Orc:1:    layout_diamond_mine
Orc:2:    st_orc_pillars, layout_caves, special_room, serial_shops,
          shop_fountains

Skill      XL: |  1  2  3  4  5  6  7  8  9 10 11 12 13 14 15 16 17 |
---------------+----------------------------------------------------+-----
Axes           | 2 3 4 5 6 7 8 9 10 11 13 14 16 | 16.0
Fighting       | 4 5 7 8 9 10 11 12 13 | 13.0
Armour         | 4 5 6 7 8 9 10 12 13 | 13.0
Invocations    | 4 7 10 | 10.0
Dodging        | 1 2 3 6 |  6.0
Throwing       | 1 3 4 5 6 |  6.1
Shields        | 4 5 6 7 10 11 12 | 12.0

Action                   |  1- 3 |  4- 6 |  7- 9 | 10-12 | 13-15 | 16-18 || total
-------------------------+-------+-------+-------+-------+-------+-------++-------
Melee: War axe           |   105 |   182 |   262 |   363 |   897 |   110 ||  1919
       Flail             |       |       |       |    68 |    27 |       ||    95
Throw: Boomerang         |       |    13 |    87 |    97 |   105 |     3 ||   305
       Javelin           |       |       |       |    15 |    82 |     8 ||   105
Invok: Heroism           |       |       |    12 |    28 |    44 |     6 ||    90
       Finesse           |       |       |       |     4 |    13 |       ||    17
  Use: Scroll            |     5 |     7 |     8 |     6 |     7 |     1 ||    34
       Potion            |     2 |     1 |     2 |       |     4 |       ||     9
 Stab: Petrified         |       |       |       |       |     2 |       ||     2
       Petrifying        |       |       |       |       |     1 |       ||     1
Armor: Scale mail        |    27 |       |       |       |       |       ||    27
       Plate armour      |    34 |    99 |   138 |   219 |   416 |    13 ||   919
Dodge: Dodged            |    54 |    51 |    49 |   105 |   348 |    22 ||   629
Block: Buckler           |    18 |    28 |    43 |    84 |   230 |       ||   403
       Tower shield      |       |       |       |       |       |    55 ||    55

Table legend:
 A = Non-vault XP
 B = Vault XP
 C = Vault XP percentage of total XP
 D = Non-vault monster count
 E = Vault monster count
 F = Vault count percentage of total count
                 A         B        C        D         E       F
            +---------+---------+-------+---------+---------+-------
      Total |   93348 |   40297 |  30.2 |     481 |     203 |  29.7
            +---------+---------+-------+---------+---------+-------
        D:1 |      39 |       0 |   0.0 |      23 |       0 |   0.0
        D:2 |     150 |      35 |  18.9 |      23 |       1 |   4.2
        D:3 |     205 |      98 |  32.3 |      29 |      11 |  27.5
        D:4 |     224 |     392 |  63.6 |      22 |      11 |  33.3
        D:5 |    1214 |      77 |   6.0 |      16 |       5 |  23.8
        D:6 |     936 |       0 |   0.0 |      28 |       0 |   0.0
        D:7 |    1115 |       0 |   0.0 |      15 |       0 |   0.0
        D:8 |    2567 |       0 |   0.0 |      29 |       0 |   0.0
        D:9 |    2870 |      20 |   0.7 |      16 |       4 |  20.0
       D:10 |     914 |       0 |   0.0 |      16 |       0 |   0.0
       D:11 |    4687 |    5257 |  52.9 |      14 |      12 |  46.2
       D:12 |    4370 |    1743 |  28.5 |      22 |       8 |  26.7
       D:13 |    9387 |       0 |   0.0 |      25 |       0 |   0.0
       D:14 |   14475 |    2461 |  14.5 |      31 |       3 |   8.8
       D:15 |   12993 |    3500 |  21.2 |      30 |       5 |  14.3
     Lair:1 |    6826 |       0 |   0.0 |      27 |       0 |   0.0
     Lair:2 |    2790 |    3317 |  54.3 |      15 |      13 |  46.4
     Lair:3 |    9275 |     474 |   4.9 |      22 |       1 |   4.3
     Lair:4 |    7076 |    1008 |  12.5 |      33 |      16 |  32.7
     Lair:5 |    8756 |   11255 |  56.2 |      33 |      27 |  45.0
      Orc:1 |    1352 |       0 |   0.0 |       8 |       0 |   0.0
      Orc:2 |    1127 |    5605 |  83.3 |       4 |      48 |  92.3
      Sewer |       0 |     156 | 100.0 |       0 |      21 | 100.0
   Gauntlet |       0 |    4899 | 100.0 |       0 |      17 | 100.0
            +---------+---------+-------+---------+---------+-------
